 Dungeon Crawl Stone Soup version 0.30.0-5-g1a98f26d00 (webtiles) character file.

Game seed: 17499283645443665970

1 browni3141 the Trooper (level 1, 0/24 HPs)
             Began as an Ogre Delver on May 10, 2023.
             Succumbed to a kobold brigand's curare-tipped dart
             ... on level 4 of the Dungeon.
             The game lasted 00:00:29 (72 turns).

browni3141 the Trooper (Ogre Delver)                  Turns: 72, Time: 00:00:30

Health: 0/24       AC:  3    Str: 15    XL:     1   Next: 20%
Magic:  1/1        EV:  9    Int: 11    God:
Gold:   0          SH:  0    Dex: 10    Spells: 0/0 levels left

rFire   . . .        a - +0 mace
rCold   . . .        (no shield)
rNeg    . . .        b - +0 robe
rPois   .            (helmet restricted)
rElec   .            (no cloak)
rCorr   .            (gloves unavailable)
SInv    .            (boots unavailable)
Will    .....        (no amulet)
Stlth   ++           (no ring)
HPRegen 0.24/turn    (no ring)
MPRegen 0.07/turn

%: no passive effects
@: lethally poisoned (0 -> -14), hasted and slowed
A: large, unfitting armour, tough skin 1
a: no special abilities


You were on level 4 of the Dungeon.
You visited 1 branch of the dungeon, and saw 2 of its levels.

Inventory:

Hand Weapons
 a - a +0 mace (weapon)
Armour
 b - a +0 robe (worn)
Wands
 g - a wand of digging (3)
Scrolls
 d - a scroll of magic mapping
 e - a scroll of fear
 F - a scroll of fog
Potions
 G - a potion of might {unknown}
 H - 2 potions of attraction {unknown}


   Skills:
 * Level 4.1 Fighting
 + Level 1.8 Maces & Flails
 - Level 1.7 Dodging
 - Level 3.7 Stealth


You couldn't memorise any spells.
You didn't know any spells.
Your spell library was empty.

Dungeon Overview and Level Annotations

Branches:
Dungeon (5/15)
 Temple: D:4-7

Altars:


Innate Abilities, Weirdness & Mutations

You are too large for most types of armour.
You have tough skin. (AC +1)


Message History

Welcome, browni3141 the Ogre Delver.
If you return without finding the Orb of Zot, so far below, it's all over!
Press ? for a list of commands and other information.
Found a lumpy green potion, 2 viscous pink potions and 13 gold pieces.
Found a stone staircase leading down.
Setting a skill training target for Polearms at 14.0.
Setting a skill training target for Armour at 7.0.
Setting a skill training target for Shields at 5.0.
Setting a skill training target for Stealth at 2.0.
Setting a skill training target for Spellcasting at 3.0.
Setting a skill training target for Conjurations at 7.0.
Setting a skill training target for Summonings at 16.0.
Setting a skill training target for Necromancy at 10.0.
Setting a skill training target for Fire Magic at 6.0.
Setting a skill training target for Earth Magic at 10.0.
Setting a skill training target for Invocations at 14.0.
Setting a skill training target for Evocations at 10.0.
Setting a skill training target for Throwing at 2.0.
G - a lumpy green potion
H - 2 viscous pink potions
Found a stone staircase leading down.
Found a stone staircase leading up.
There is a stone staircase leading up here.
You climb upwards.
The endoplasm quivers.
There is a stone staircase leading down here.
The ufetubus shouts!
You hit the endoplasm.
The endoplasm is severely wounded.
The endoplasm completely misses you. The endoplasm barely misses you.
You completely miss the endoplasm.
The endoplasm is severely wounded.
A ball python comes into view.
The endoplasm hits you.
The ball python moves out of view.
You barely miss the endoplasm.
The endoplasm is severely wounded.
The ufetubus hits you.
The ufetubus hits you but does no damage.
The endoplasm hits you.
The ufetubus hits you but does no damage.
The ufetubus barely misses you.
You barely miss the ufetubus. The ufetubus closely misses you. x2
The ufetubus hits you. The ufetubus misses you.
The ufetubus closely misses you. The ufetubus barely misses you.
You barely miss the ufetubus.
The ufetubus hits you but does no damage.
The ufetubus hits you. The ufetubus barely misses you.
The ufetubus hits you but does no damage.
You barely miss the ufetubus.
The ufetubus hits you but does no damage. x3
The ufetubus hits you.
You feel yourself speed up. The ufetubus barely misses you. x2
The ufetubus closely misses you. The ufetubus hits you.
You hit the endoplasm.
You kill the endoplasm!
The ufetubus misses you. The ufetubus barely misses you.
The ufetubus closely misses you. The ufetubus barely misses you.
Training target 2.0 for Stealth reached!
The kobold brigand throws a curare-tipped dart.
The curare-tipped dart hits you.
You are lethally poisoned!
You have difficulty breathing.
You feel yourself slow down. The ufetubus barely misses you.
The ufetubus hits you but does no damage.
An endoplasm comes into view.
* * * LOW HITPOINT WARNING * * *
You feel very sick.
You die...

####..#. .#
..##.#..#.# #
#.........
..######....#.#.#
#....#..........
###........$...###...
#.........###........
......J>...##@#
............5.#
.......####...#.##.
....... #..........
..K.... #...#..##..
....... #.........
....K.. ...K..###..
.###.## ##....... .
#.....###


You could see a kobold brigand and an ufetubus.

Vanquished Creatures
  An endoplasm (D:4)
1 creature vanquished.

Notes
Turn   | Place    | Note
-------+----------+-------------------------------------------
     0 | D:5      | browni3141 the Ogre Delver began the quest for the Orb.
     0 | D:5      | Reached XP level 1. HP: 24/24 MP: 1/1
    55 | D:4      | Noticed a kobold brigand
    72 | D:4      | Succumbed to a kobold brigand's curare-tipped dart

Illustrated notes

Levels and vault maps discovered:
D:4:      layout_rooms, nicolae_goblin_pals, uniq_eustachio, uniq_menkaure,
          uniq_edmund
D:5:      layout_basic, serial_shops, nicolae_shop_window_shopping,
          minmay_checkerbox

Action                     || total
---------------------------++-------
  Melee: Mace              ||     7
    Use: Potion            ||     1
 Armour: Robe              ||     8
  Dodge: Dodged            ||    17
